Map: 往日神庙

Players

邀月

  • Race: Protoss Protoss
  • League: Master
  • Spawn Location: 0:00

彷徨的衬衫

  • Race: Terran Terran
  • Spawn Location: 0:00

VOD

Have the link to the VOD?

Description

Time

  • Played on: Feb. 24, 2018, 12:08 a.m.
  • Length: 26:34
Show
View Real Time Build Order
Export as new Build Order

邀月 Protoss 

Build Orders:  

Get SALT Encoding   

  12  0:04  Probe (Chrono Boost)  
  13  0:17  Probe (Chrono Boost)  
  14  0:25  Pylon  
  14  0:31  Probe (Chrono Boost)  
  15  0:43  Probe (Chrono Boost)  
  15  0:46  Assimilator  
  16  0:55  Probe (Chrono Boost)  
  16  0:57  Assimilator  
  17  1:07  Probe (Chrono Boost)  
  18  1:13  Robotics Facility  
  18  1:19  Probe (Chrono Boost)  
  19  1:31  Probe (Chrono Boost)  
  19  1:35  Robotics Bay  
  20  1:43  Probe (Chrono Boost)  
  21  1:55  Probe (Chrono Boost)  
  21  1:58  Forge  
  22  2:06  Probe (Chrono Boost)  
  22  2:08  Taldarin's A.I. Personality  
  23  2:18  Purifier Armaments  
  24  2:35  Probe (Chrono Boost)  
  24  2:38  Immortal  
  28  3:08  Warbringer's A.I. Personality  
  28  3:17  Colossus  
  28  3:29  Gravimetric Overload  
  35  4:02  Probe (Chrono Boost)  
  35  4:14  Observation Protocol  
  35  4:19  Probe (Chrono Boost)  
  36  4:34  Nexus  
  36  4:40  Purification Blast  
  36  4:46  Gateway  
  36  4:49  Cybernetics Core  
  37  4:51  Twilight Council  
  37  4:55  Probe (Chrono Boost)  
  37  5:01  Protoss Ground Weapons Level 1  
  37  5:04  Pylon  
  38  5:12  Probe (Chrono Boost)  
  38  5:29  Colossus, Probe (Chrono Boost)  
  45  5:46  Probe (Chrono Boost)  
  47  6:03  Probe (Chrono Boost)  
  48  6:20  Probe (Chrono Boost)  
  48  6:29  Probe (Chrono Boost)  
  49  6:32  Gateway  
  49  6:34  Gateway, Warp Gate  
  49  6:37  Probe (Chrono Boost)  
  50  6:40  Kaldalis' A.I. Personality  
  50  6:41  Probe (Chrono Boost)  
  50  6:46  Psionic Projection  
  52  6:53  Extended Thermal Lance  
  52  6:54  Colossus, Probe (Chrono Boost)  
  53  7:01  Probe (Chrono Boost)  
  59  7:18  Probe (Chrono Boost)  
  60  7:20  Talis' A.I. Personality  
  60  7:24  Assimilator  
  60  7:26  Probe (Chrono Boost)  
  60  7:27  Assimilator  
  61  7:35  Pylon  
  61  7:37  Pylon  
  61  7:44  Protoss Ground Weapons Level 2  
  62  8:10  Gateway  
  62  8:11  Gateway  
  62  8:14  Probe (Chrono Boost)  
  62  8:17  Probe (Chrono Boost)  
  62  8:18  Stargate  
  63  8:23  Fleet Beacon  
  64  8:31  Probe (Chrono Boost)  
  64  8:35  Probe (Chrono Boost)  
  65  8:42  Empowered Blades  
  65  8:48  Probe (Chrono Boost)  
  66  8:52  Adept, Carrier  
  68  9:10  Clolarion's A.I. Personality  
  64  9:31  Conservator  
  68  9:41  Probe x2 (Chrono Boost)  
  68  9:42  Debilitation System  
  68  10:01  Adept x3  
  68  10:02  Adept  
  68  10:05  Legionnaire  
  79  10:12  Mojo's A.I. Personality  
  77  10:25  Adept x2  
  77  10:29  Pylon  
  81  10:31  Pylon  
  81  10:33  Pylon  
  81  10:48  Pylon  
  56  11:21  Adept  
  56  11:22  Adept x4  
  56  11:26  Gateway  
  67  11:30  Probe (Chrono Boost)  
  67  11:31  Gateway  
  67  11:35  Gateway  
  67  11:39  Colossus, Probe (Chrono Boost)  
  66  11:47  Probe (Chrono Boost)  
  73  11:56  Scout  
  74  12:01  Adept, Probe (Chrono Boost)  
  74  12:02  Adept, Legionnaire x3  
  74  12:07  Interdictors  
  90  12:19  Pylon  
  90  12:33  Protoss Ground Weapons Level 3  
  90  12:47  Adept  
  90  12:48  Adept x3  
  87  13:30  Pylon, Legionnaire x3  
  87  13:33  Conservator x2, Carrier  
  87  13:37  Suppression Procedure  
  106  13:40  Immortal  
  105  14:18  Adept  
  105  14:19  Adept x2, Legionnaire x2  
  117  14:20  Legionnaire  
  120  14:38  Probe (Chrono Boost)  
  121  14:40  Stargate  
  121  14:43  Protoss Air Weapons Level 1  
  121  14:45  Stargate  
  121  15:16  Pylon  
  121  15:35  Conservator  
  121  15:41  Colossus  
  127  15:58  Adept  
  129  16:09  Pylon  
  129  16:12  Pylon  
  129  16:15  Pylon  
  129  16:17  Pylon  
  129  16:28  Pylon  
  129  16:30  Pylon  
  129  16:34  Scout, Carrier  
  129  16:37  Scout  
  141  16:49  Gateway  
  141  16:53  Gateway  
  141  17:06  Stargate  
  141  17:07  Stargate  
  141  17:18  Protoss Air Weapons Level 2  
  141  17:19  Protoss Shields Level 1  
  141  17:36  Pylon  
  138  17:43  Carrier x2  
  150  17:53  Adept x3  
  150  17:54  Legionnaire x3  
  150  17:55  Legionnaire x2  
  171  18:09  Pylon  
  171  18:18  Pylon  
  156  18:42  Carrier  
  156  18:43  Carrier  
  156  18:45  Carrier  
  156  18:47  Gateway  
  156  18:49  Gateway  
  141  18:51  Gateway  
  153  19:11  Adept x3  
  153  19:12  Conservator x2  
  153  19:13  Adept x2  
  153  19:14  Adept  
  169  19:43  Scout x2  
  169  19:48  Adept x3  
  177  20:07  Protoss Air Weapons Level 3  
  167  20:13  Pylon  
  162  20:24  Carrier  
  174  20:33  Scout  
  174  20:34  Scout  
  174  20:41  Adept  
  180  20:59  Combat Sensor Array  
  180  21:03  Adept x2  
  180  21:04  Legionnaire  
  180  21:05  Carrier  
  184  21:10  Scout  
  179  21:35  Scout x2  
  185  21:48  Pylon  
  185  21:51  Nexus  
  185  22:03  Scout  
  188  22:13  Gateway  
  188  22:15  Gateway  
  188  22:18  Gateway  
  188  22:20  Gateway  
  188  22:23  Pylon  
  188  22:30  Carrier  
  188  22:32  Carrier  
  198  22:44  Adept x2  
  184  23:10  Scout x3  
  193  23:20  Adept x2  
  193  23:25  Conservator  
  184  24:03  Legionnaire x4  
  184  24:04  Legionnaire  
  199  24:17  Scout  
  193  24:26  Pylon  
  190  24:32  Adept x3  
  182  25:01  Scout  
  182  25:02  Scout x3  
  182  25:04  Scout  
  183  25:11  Adept  
  175  25:36  Adept x4  
  175  25:37  Conservator  
  175  25:38  Conservator x3  
  181  26:03  Adept x5  
  181  26:04  Adept  
  193  26:13  Conservator x2  
Show
View Real Time Build Order
Export as new Build Order

彷徨的衬衫 Terran 

Build Orders:  

Get SALT Encoding   

  12  0:56  Command Center  
  12  1:30  Refinery  
  12  2:55  Command Center  
  12  4:00  Barracks  
  12  4:43  Barracks Tech Lab  
  12  4:48  Engineering Bay  
  12  5:12  Factory  
  12  6:11  Orbital Command  
  12  6:56  Orbital Command  
  12  7:22  Orbital Command  
  12  7:44  Factory Tech Lab  
  12  8:23  Command Center  
  12  8:44  Starport  
  12  9:10  Command Center  
  12  9:24  Armory  
  12  9:35  Starport Tech Lab  
  12  9:40  Fusion Core  
  12  11:39  Weapon Refit  
  12  11:42  Battlecruiser  
  18  12:29  Refinery  
  18  12:46  Advanced Optics  
  18  13:30  Marine  
  19  13:40  Marine  
  19  13:44  Orbital Command  
  20  13:50  Marine  
  21  14:01  Marine  
  22  14:11  Marine  
  23  14:22  Marine  
  25  15:18  Marine  
  24  15:35  Battlecruiser  
  30  16:04  Afterburners  
  30  16:17  Battlecruiser  
  36  17:04  Terran Vehicle and Ship Weapons Level 1  
  36  17:36  Battlecruiser  
  42  19:00  Battlecruiser  
  48  20:14  Battlecruiser  
  54  21:32  Battlecruiser  
  60  21:46  Command Center  
  60  21:52  Supply Depot  
  60  21:54  Supply Depot  
  60  21:55  Supply Depot  
  60  21:58  Supply Depot  
  60  23:14  Battlecruiser  
  66  24:53  Battlecruiser  
Tags
 
Commander
FenixRaynor
League
Master
Matchup
Co-op
Replay Pack
Co-op Speedrun
Add a new tag
Caveats
  • Supply blocks, unpowered buildings, or Contaminate may cause inaccurate times.
  • Supply counts are checked every 10 seconds.